AoeStats
← peta

Nomad

509709298Analyzed
2v2 RM · 3d ago on Sep 27, 2026· 56m 3s· 4 players
Game mode
Random Map
Map size
176×176
Population
200
Speed
Normal
Resources
Standard
Victory
Conquest
Starting age
Dark Age
Ending age
Imperial Age
RankedLock teamsTeams togetherTeam positionsShared explorationLock speedFull tech treeHidden civsTurbo modeCheats
Victory
Defeat
🇦🇲 Bulgarians · Armenia
1057
+17
🇨🇿 Hindustanis · Czechia
1010
+37
🇨🇭 Celts · Switzerland
1083
-18
🇫🇷 Turks · France
1081
-18
Zombrman
15:07 Feudal Age
21:45 Castle Age
22:21 Loom
22:37 Double-Bit Axe
25:09 Bow Saw
26:16 Wheelbarrow
25:57 Fishing Lines
26:39 Husbandry
26:47 Scale Barding Armor
27:21 Hand Cart
28:11 Gillnets
30:55 Bloodlines
34:51 Town Watch
35:17 Grand Trunk Road
38:57 Imperial Age
37:06 Chain Barding Armor
38:12 Gold Mining
40:54 Chemistry
40:14 Ballistics
40:00 Siege Engineers
39:31 Heavy Camel Rider
40:50 Plate Barding Armor
40:26 Forging
41:26 Horse Collar
42:50 Two-Man Saw
42:46 Iron Casting
41:43 Imperial Camel Rider
44:38 Thumb Ring
46:36 Shatagni
46:57 Conscription
47:19 Town Patrol
50:59 Blast Furnace
49:50 Fletching
50:00 Padded Archer Armor
50:13 Masonry
52:10 Hoardings
51:24 Elite Skirmisher
Kill_zone
5:23 Loom
12:56 Feudal Age
15:36 Double-Bit Axe
21:06 Castle Age
20:09 Fishing Lines
20:38 Town Watch
22:20 Bow Saw
26:47 Scale Barding Armor
26:53 Forging
35:34 Imperial Age
35:00 Chain Barding Armor
38:20 Imperial Age
36:26 Wheelbarrow
44:48 Fletching
44:58 Padded Archer Armor
47:13 Elite Skirmisher
47:51 Elite Konnik
48:40 Horse Collar
53:18 Herbal Medicine
peta
6:32 Loom
14:45 Feudal Age
19:07 Castle Age
20:06 Medium Warships
33:18 Man-at-Arms
33:45 Gambesons
33:47 Arson
34:48 Forging
34:41 Scale Mail Armor
35:02 Long Swordsman
38:16 Imperial Age
36:25 Wheelbarrow
38:27 Two-Handed Swordsman
40:25 Iron Casting
40:11 Chain Mail Armor
40:49 Conscription
40:50 Horse Collar
40:43 Champion
41:36 Heavy Plow
43:21 Blast Furnace
43:15 Plate Mail Armor
Jamie
11:18 Loom
11:24 Loom
14:11 Feudal Age
19:06 Castle Age
17:08 Horse Collar
18:29 Double-Bit Axe
20:40 Town Watch
21:24 Bow Saw
22:59 Wheelbarrow
22:42 Fletching
23:39 Bodkin Arrow
24:05 Padded Archer Armor
28:34 Leather Archer Armor
32:13 Imperial Age
30:56 Town Patrol
33:23 Conscription
34:54 Bracer
35:24 Ring Archer Armor
39:35 Hand Cart
42:29 Ring Archer Armor
47:28 Parthian Tactics
48:16 Heavy Cavalry Archer
56:09 Thumb Ring
Connection lost

Rejoining the realm…

Still unreachable

The connection could not be restored.

Session expired

The server has moved on; the page needs a fresh start.